Map: Catalesque CE

Players

Ekelpack

  • Race: Zerg Zerg
  • Spawn Location: 11:00

Nyck

  • Race: Terran Terran
  • League: Silver
  • Spawn Location: 11:00

Lyto

  • Race: Protoss Protoss
  • League: Platinum
  • Spawn Location: 5:00

Furyo

  • Race: Zerg Zerg
  • League: Diamond
  • Spawn Location: 5:00

VOD

Have the link to the VOD?

Description

Time

  • Played on: Oct. 15, 2024, 12:50 p.m.
  • Length: 13:33
Show
View Real Time Build Order
Export as new Build Order

Ekelpack Zerg 

Build Orders: Hatch First 

Get SALT Encoding   

  12  0:00  Drone  
  13  0:12  Overlord  
  13  0:18  Drone  
  14  0:31  Drone  
  15  0:46  Hatchery  
  15  0:49  Drone  
  15  1:03  Spawning Pool  
  14  1:07  Drone  
  15  1:11  Drone  
  15  1:14  Drone  
  17  1:20  Drone, Extractor  
  17  1:29  Drone  
  18  1:41  Drone  
  19  1:50  Queen  
  21  1:56  Roach Warren  
  21  2:00  Queen  
  22  2:07  Drone  
  23  2:17  Drone x2  
  23  2:20  Drone  
  26  2:29  Overlord  
  26  2:39  Overlord  
  26  2:47  Roach  
  26  2:48  Roach x2  
  32  2:52  Roach  
  32  2:55  Roach  
  36  3:00  Roach  
  35  3:33  Overlord, Roach x4  
  43  3:41  Overlord  
  43  3:47  Drone  
  43  3:48  Overlord  
  44  3:52  Extractor  
  43  3:58  Lair  
  43  3:59  Drone  
  43  4:00  Drone x2  
  46  4:08  Drone  
  46  4:09  Drone  
  48  4:11  Drone  
  48  4:13  Drone  
  50  4:25  Drone x4  
  52  4:41  Roach x3  
  56  4:57  Roach x3  
  56  4:58  Roach x2  
  60  5:14  Drone x3  
  60  5:15  Hydralisk Den  
  60  5:18  Extractor  
  57  5:22  Extractor  
  52  5:38  Evolution Chamber  
  49  5:53  Hydralisk x4  
  49  5:55  Overlord  
  49  5:57  Zergling x2  
  58  6:09  Hydralisk x2  
  58  6:16  Hydralisk  
  58  6:18  Overlord  
  60  6:31  Overlord  
  53  6:58  Hydralisk x7  
  53  6:59  Hydralisk  
  65  7:18  Grooved Spines  
  65  7:22  Hydralisk x4  
  69  7:24  Evolution Chamber  
  72  7:37  Drone  
  72  7:38  Drone  
  72  7:43  Hydralisk x2  
  66  7:54  Hydralisk x4  
  66  7:55  Overlord  
  74  8:11  Muscular Augments  
  74  8:13  Drone  
  74  8:15  Queen  
  74  8:16  Overlord  
  77  8:22  Overlord  
  77  8:35  Drone x3  
  80  8:42  Zerg Missile Weapons Level 1  
  80  9:11  Drone x4  
  80  9:12  Overlord  
  84  9:31  Overlord, Hydralisk x3  
  84  9:32  Hydralisk x5  
  84  9:37  Hatchery  
  98  10:21  Spore Crawler  
  98  10:24  Spore Crawler  
  98  10:25  Drone x2  
  98  10:35  Zerg Missile Weapons Level 2  
  98  10:49  Hydralisk x4  
  100  10:50  Hydralisk x6  
  100  10:51  Hydralisk x2  
  100  10:53  Overlord, Pneumatized Carapace  
  62  11:51  Hydralisk  
  62  11:52  Zergling x2, Hydralisk x6  
  62  11:53  Hydralisk  
  77  12:08  Roach Warren  
  73  12:16  Hydralisk  
  73  12:17  Hydralisk x4  
  81  12:29  Hydralisk x2  
  69  13:05  Hydralisk  
  69  13:06  Hydralisk x7  
Show
View Real Time Build Order
Export as new Build Order

Nyck Terran 

Build Orders: Hellion Opening 

Get SALT Encoding   

  12  0:00  SCV  
  13  0:12  SCV  
  14  0:17  Supply Depot  
  14  0:25  SCV  
  15  0:40  SCV, Barracks  
  16  0:44  Refinery  
  16  0:50  Refinery  
  16  0:54  SCV  
  17  1:07  SCV  
  18  1:27  Orbital Command  
  18  1:33  Factory  
  18  1:47  Barracks Reactor  
  18  1:55  SCV  
  18  2:07  SCV  
  19  2:11  Supply Depot  
  19  2:29  Hellion x2  
  23  2:35  SCV  
  24  2:44  Command Center  
  24  2:50  Hellion  
  24  2:51  Hellion  
  28  2:55  SCV  
  29  3:22  SCV  
  30  3:33  Supply Depot  
  30  3:39  Starport  
  30  3:44  SCV  
  31  3:55  Hellion x2  
  35  3:56  Orbital Command  
  35  4:02  Supply Depot  
  35  4:16  Hellion x2  
  35  4:17  SCV  
  40  4:26  SCV  
  29  5:02  Orbital Command, SCV  
  30  5:13  Starport Tech Lab  
  30  5:15  Barracks Tech Lab  
  34  5:21  Widow Mine x2  
  34  5:24  Supply Depot  
  34  5:34  SCV x2  
  36  5:42  Banshee  
  39  5:45  Marauder  
  39  5:46  SCV x2  
  31  6:22  Hellion x2, Marauder  
  31  6:25  Cloaking Field, Banshee  
  40  6:36  Command Center  
  40  6:46  Hellion x2  
  44  6:49  Marauder  
  43  7:07  Hellion x2  
  47  7:11  SCV  
  48  7:17  Marauder, Banshee  
  48  7:18  Command Center  
  53  7:27  SCV  
  54  7:36  Command Center  
  54  7:48  Cyclone x2, Marauder  
  60  7:58  SCV  
  58  8:13  Marauder  
  57  8:44  Concussive Shells  
  55  9:05  SCV  
  55  9:08  Orbital Command  
  56  9:13  Orbital Command  
  56  9:17  SCV  
  56  9:18  Marauder  
  56  9:21  Cyclone x2  
  56  9:24  Banshee  
  66  9:30  SCV  
  67  9:31  Stimpack  
  67  9:33  SCV  
  68  9:38  Supply Depot  
  68  9:42  SCV  
  68  9:43  SCV x2  
  68  9:45  SCV  
  72  9:54  SCV  
  72  9:55  SCV  
  72  10:03  Cyclone  
  72  10:04  Cyclone  
  76  10:11  Engineering Bay  
  76  10:12  Engineering Bay  
  69  10:24  SCV x3  
  69  10:27  Marauder  
  72  10:35  Cyclone  
  72  10:36  SCV x2, Cyclone  
  72  10:37  SCV  
  79  10:48  SCV x2, Marauder  
  79  10:49  SCV  
  84  10:56  Refinery  
  84  10:58  Refinery  
  84  11:00  SCV x2  
  84  11:02  Refinery  
  87  11:04  SCV  
  87  11:12  SCV  
  43  11:51  Marauder  
  43  11:53  Cyclone x2  
  45  11:55  Viking  
  47  12:03  Starport  
  47  12:04  SCV x2  
  47  12:05  SCV, Starport  
  47  12:07  Starport  
  45  12:16  SCV  
  45  12:17  SCV  
  33  12:46  Viking x3  
Show
View Real Time Build Order
Export as new Build Order

Lyto Protoss 

Build Orders:  

Get SALT Encoding   

  12  0:00  Probe  
  13  0:16  Pylon  
  13  0:17  Probe (Chrono Boost)  
  14  0:26  Probe (Chrono Boost)  
  15  0:37  Gateway  
  15  0:42  Assimilator  
  15  0:43  Probe  
  16  0:57  Probe (Chrono Boost)  
  17  1:10  Probe (Chrono Boost)  
  18  1:15  Probe (Chrono Boost)  
  19  1:22  Gateway  
  19  1:30  Cybernetics Core  
  19  1:34  Probe  
  19  1:38  Pylon  
  20  1:54  Probe  
  21  2:06  Probe  
  24  2:12  Adept (Chrono Boost)  
  24  2:13  Assimilator  
  24  2:14  Adept (Chrono Boost)  
  26  2:32  Nexus  
  26  2:43  Probe  
  27  2:45  Stargate  
  29  3:01  Stalker  
  29  3:03  Stalker  
  31  3:15  Warp Gate (Chrono Boost)  
  31  3:17  Robotics Facility  
  27  3:34  Shield Battery  
  27  3:40  Shield Battery  
  27  3:41  Stalker  
  27  3:42  Stalker  
  27  3:46  Probe x2  
  33  3:50  Pylon  
  33  4:02  Probe  
  34  4:04  Immortal  
  34  4:07  Probe  
  39  4:21  Stalker x2  
  41  4:42  Probe  
  42  4:47  Immortal  
  42  4:50  Probe  
  47  5:00  Stalker  
  47  5:01  Stalker  
  49  5:09  Probe x2  
  51  5:30  Nexus  
  51  5:31  Probe x2  
  51  5:33  Assimilator  
  53  5:36  Pylon  
  53  5:40  Pylon  
  53  5:54  Warp Prism  
  55  6:01  Probe  
  56  6:04  Probe  
  57  6:13  Probe  
  57  6:16  Stalker x2  
  62  6:20  Gateway  
  62  6:29  Probe  
  63  6:35  Probe  
  64  6:52  Probe x2  
  52  7:03  Observer (Chrono Boost)  
  52  7:04  Probe  
  52  7:05  Forge  
  52  7:12  Stalker x2  
  56  7:17  Stalker, Observer (Chrono Boost)  
  56  7:19  Pylon  
  56  7:20  Probe x2  
  61  7:26  Shield Battery, Probe  
  62  7:30  Assimilator  
  62  7:34  Assimilator  
  62  7:35  Shield Battery  
  62  7:38  Pylon  
  62  7:39  Protoss Ground Weapons Level 1 (Chrono Boost)  
  62  7:40  Gateway, Photon Cannon  
  62  7:44  Shield Battery  
  62  8:07  Robotics Bay  
  62  8:13  Probe x2  
  64  8:22  Pylon, Probe  
  64  8:23  Stalker x3  
  64  8:25  Probe, Photon Cannon  
  72  8:30  Pylon  
  72  8:34  Probe  
  72  8:39  Probe x2  
  75  8:46  Probe  
  70  9:03  Extended Thermal Lance  
  70  9:04  Colossus (Chrono Boost)  
  70  9:08  Robotics Facility  
  73  9:10  Probe x3  
  73  9:16  Twilight Council  
  75  9:25  Assimilator  
  75  9:26  Zealot x3  
  75  9:27  Zealot  
  83  9:39  Probe  
  83  9:40  Probe  
  85  9:47  Probe  
  85  9:48  Nexus  
  85  9:50  Pylon  
  86  9:53  Colossus (Chrono Boost)  
  86  9:58  Protoss Ground Armor Level 1 (Chrono Boost)  
  98  10:00  Charge (Chrono Boost)  
  98  10:01  Colossus (Chrono Boost)  
  98  10:06  Templar Archives  
  98  10:07  Probe x3  
  98  10:11  Shield Battery  
  98  10:12  Photon Cannon  
  98  10:13  Gateway  
  101  10:16  Pylon  
  101  10:19  Probe x3  
  101  10:20  Zealot x2  
  101  10:21  Zealot  
  110  10:29  Sentry  
  112  10:40  Probe  
  112  10:41  Probe  
  112  10:42  Colossus  
  114  10:43  Psionic Storm  
  114  10:47  High Templar x3  
  126  11:03  Colossus  
  132  11:10  Archon  
  132  11:18  Stalker x2  
  136  11:20  Zealot x3  
  130  11:35  Probe  
  130  11:36  Probe  
  130  11:39  Warp Prism (Chrono Boost)  
  122  11:51  Zealot x5  
  130  11:56  Assimilator  
  130  11:58  Assimilator  
  130  12:01  Gateway  
  130  12:03  Gateway  
  134  12:13  Immortal (Chrono Boost)  
  134  12:49  Zealot x5  
Show
View Real Time Build Order
Export as new Build Order

Furyo Zerg 

Build Orders: Hatch First, Lurkers 

Get SALT Encoding   

  12  0:01  Drone  
  13  0:13  Overlord  
  13  0:18  Drone  
  14  0:31  Drone x2  
  16  0:36  Drone  
  17  0:55  Hatchery, Drone  
  17  1:00  Drone  
  18  1:14  Spawning Pool  
  17  1:18  Extractor  
  17  1:21  Drone  
  17  1:22  Drone  
  18  1:29  Drone  
  19  1:45  Overlord  
  19  2:02  Zergling x4  
  19  2:03  Queen  
  19  2:08  Queen  
  25  2:09  Drone  
  25  2:12  Drone  
  27  2:18  Metabolic Boost  
  27  2:20  Drone  
  28  2:24  Drone  
  29  2:30  Drone  
  29  2:34  Drone  
  31  2:47  Overlord  
  31  2:51  Hatchery  
  30  2:59  Roach Warren  
  30  3:00  Drone x3  
  30  3:20  Queen x2, Extractor  
  30  3:22  Overlord  
  33  3:29  Overlord  
  33  3:30  Drone x2  
  35  3:46  Drone x2  
  37  3:50  Drone  
  37  3:52  Overlord  
  38  4:00  Roach x4  
  46  4:25  Spine Crawler, Roach  
  46  4:26  Roach x5  
  55  4:44  Roach  
  55  4:45  Roach x5  
  63  4:51  Ravager  
  52  5:02  Queen x2  
  56  5:07  Ravager x2  
  55  5:15  Drone x4  
  55  5:16  Drone x2  
  61  5:22  Overlord  
  61  5:29  Overlord  
  61  5:32  Queen  
  63  5:41  Drone x3  
  66  6:04  Ravager  
  58  6:24  Roach x11  
  58  6:25  Roach x2  
  84  6:29  Drone x5  
  84  6:30  Drone  
  90  6:33  Extractor  
  90  6:34  Lair, Extractor  
  78  6:58  Drone x3  
  81  7:01  Spore Crawler  
  81  7:03  Overlord x2  
  80  7:15  Drone x2  
  82  7:24  Spore Crawler  
  82  7:28  Ravager x2  
  82  7:29  Ravager x2  
  85  7:35  Spire  
  84  7:39  Drone x2  
  84  7:44  Spore Crawler  
  72  8:20  Drone x7  
  72  8:21  Drone x9  
  72  8:23  Overlord x2  
  72  8:24  Overlord x2  
  72  8:25  Spine Crawler  
  87  8:31  Overlord x5  
  87  8:38  Glial Reconstitution  
  87  8:42  Extractor  
  87  8:43  Extractor  
  87  8:48  Overlord  
  85  8:51  Mutalisk  
  85  8:52  Mutalisk x6  
  99  8:57  Drone x5  
  104  9:04  Evolution Chamber x2  
  104  9:06  Hydralisk Den, Hatchery, Drone x2  
  104  9:08  Drone  
  103  9:10  Zerg Flyer Weapons Level 1  
  103  9:39  Overlord  
  103  9:40  Overlord x2  
  103  9:42  Spine Crawler  
  100  10:27  Drone x14  
  100  10:28  Drone x3  
  109  10:42  Grooved Spines  
  105  10:47  Hydralisk, Lurker Den  
  105  10:48  Nydus Network, Hydralisk x16  
  137  10:56  Extractor x2  
  133  11:05  Roach x6  
  145  11:12  Ravager x2  
  127  11:29  Overlord  
  127  11:30  Overlord  
  127  11:32  Muscular Augments  
  117  11:47  Nydus Canal  
  117  11:49  Roach  
  117  11:50  Roach x13  
  145  11:55  Hatchery  
  145  11:56  Drone x4  
  142  12:37  Overlord  
  142  12:38  Overlord x2, Hydralisk x4  
  142  12:39  Hydralisk x14  
  178  12:47  Lurker x2  
  178  12:49  Lurker x2  
  178  12:50  Lurker  
  178  12:51  Overlord  
  171  12:59  Nydus Canal  
  169  13:27  Hatchery  
  169  13:28  Extractor  
  169  13:30  Extractor  
  169  13:33  Nydus Canal  
Tags
 
Add a new tag
Caveats
  • Supply blocks, unpowered buildings, or Contaminate may cause inaccurate times.
  • Supply counts are checked every 10 seconds.